Map: Abyssal Reef LE

Players

Blitchiz - Winner!

  • Race: Terran Terran
  • League: Diamond
  • Spawn Location: 11:00

Switchy

  • Race: Protoss Protoss
  • League: Diamond
  • Spawn Location: 5:00

VOD

Have the link to the VOD?

Description

Time

  • Played on: May 29, 2017, 8:27 p.m.
  • Length: 5:45
Show
View Real Time Build Order
Export as new Build Order

Blitchiz Terran - Winner!

Build Orders:  

Get SALT Encoding   

  12  0:01  SCV  
  13  0:13  SCV  
  14  0:22  Supply Depot  
  14  0:25  SCV  
  15  0:34  Refinery  
  15  0:43  SCV  
  15  0:45  Barracks  
  16  0:55  SCV  
  17  1:01  Supply Depot  
  17  1:08  SCV  
  18  1:21  SCV  
  19  1:34  Marine  
  20  1:45  Barracks  
  20  1:46  Barracks  
  20  2:05  Orbital Command  
  20  2:09  Supply Depot  
  20  2:14  Barracks Tech Lab  
  20  2:31  SCV  
  20  2:34  Stimpack  
  21  2:38  Barracks Reactor x2  
  21  2:50  Marauder  
  23  3:00  Supply Depot  
  25  3:12  Marauder  
  25  3:14  Marine x3  
  25  3:15  Marine  
  29  3:24  Supply Depot  
  29  3:32  Marine x3  
  29  3:33  Marine  
  35  3:34  Marauder  
  35  3:47  Supply Depot  
  35  3:50  Marine x3  
  35  3:51  Marine  
  35  3:55  Marauder  
  41  4:01  SCV  
  42  4:08  Marine x4  
  46  4:11  Supply Depot  
  46  4:17  Marauder  
  48  4:25  Marine  
  48  4:30  SCV  
  50  4:31  Marine  
  50  4:32  Marine x2  
  52  4:41  Marauder  
  52  4:42  SCV  
  55  4:54  SCV  
  56  5:00  Marine  
  56  5:03  Marauder  
  56  5:23  Marine x3  
  56  5:24  Marauder  
  57  5:44  Bunker  
Show
View Real Time Build Order
Export as new Build Order

Switchy Protoss 

Build Orders: 1 Gate Expand, Double Forge 

Get SALT Encoding   

  12  0:01  Probe (Chrono Boost)  
  13  0:12  Probe (Chrono Boost)  
  14  0:19  Pylon  
  14  0:24  Probe (Chrono Boost)  
  15  0:37  Probe (Chrono Boost)  
  15  0:39  Gateway  
  16  0:47  Probe (Chrono Boost)  
  16  0:49  Assimilator  
  17  0:58  Probe (Chrono Boost)  
  18  1:08  Probe (Chrono Boost)  
  19  1:19  Probe (Chrono Boost)  
  20  1:29  Nexus  
  20  1:35  Probe (Chrono Boost)  
  21  1:44  Cybernetics Core  
  21  1:54  Pylon  
  21  2:00  Probe (Chrono Boost)  
  21  2:06  Assimilator  
  21  2:10  Probe (Chrono Boost)  
  21  2:12  Warp Gate  
  22  2:20  Gateway  
  22  2:22  Adept  
  25  2:30  Probe (Chrono Boost)  
  27  2:44  Mothership Core (Chrono Boost)  
  27  2:46  Robotics Facility  
  27  2:52  Probe (Chrono Boost)  
  28  3:04  Stalker, Probe (Chrono Boost)  
  31  3:08  Probe (Chrono Boost)  
  32  3:14  Pylon  
  32  3:17  Probe (Chrono Boost)  
  32  3:19  Probe (Chrono Boost)  
  34  3:29  Probe x2 (Chrono Boost)  
  34  3:31  Observer  
  37  3:41  Probe (Chrono Boost)  
  38  3:42  Gateway  
  38  3:50  Observer  
  38  3:53  Probe (Chrono Boost)  
  38  3:54  Probe (Chrono Boost)  
  41  4:06  Immortal  
  45  4:19  Probe (Chrono Boost)  
  45  4:21  Probe (Chrono Boost)  
  47  4:26  Robotics Bay  
  47  4:30  Probe (Chrono Boost)  
  47  4:31  Forge  
  49  4:33  Probe (Chrono Boost), Forge  
  49  4:37  Pylon  
  49  4:40  Probe (Chrono Boost)  
  49  4:41  Assimilator  
  49  4:43  Assimilator  
  49  4:45  Probe (Chrono Boost)  
  51  4:51  Probe (Chrono Boost), Pylon  
  51  4:52  Gateway  
  52  4:54  Pylon  
  50  5:19  Stalker x2  
  48  5:24  Stalker  
Tags
 
Add a new tag
Caveats
  • Supply blocks, unpowered buildings, or Contaminate may cause inaccurate times.
  • Supply counts are checked every 10 seconds.